 Dungeon Crawl Stone Soup version 0.23-a0-61-g4bf3f6c (webtiles) character file.

10297 vineage the Cleaver (level 11, -2/102 HPs)
             Began as a Hill Orc Fighter on Aug 9, 2018.
             Was a Priest of Okawaru.
             Slain by a quicksilver dragon skeleton (6 damage)
             ... on level 2 of the Abyss.
             The game lasted 00:16:30 (11835 turns).

vineage the Cleaver (Hill Orc Fighter)             Turns: 11835, Time: 00:16:30

Health: -2/102     AC: 21    Str: 22    XL:     11   Next: 59%
Magic:  9/11       EV: 11    Int:  8    God:    Okawaru [***...]
Gold:   488        SH: 15    Dex: 11    Spells: 10/10 levels left

rFire    . . .     SeeInvis .   a - +1 war axe
rCold    + . .     Gourm    .   c - +1 shield
rNeg     + . .     Faith    .   o - +1 chain mail {rC+}
rPois    .         Spirit   .   (no helmet)
rElec    .         Reflect  .   k - scarf {repulsion}
rCorr    .         Harm     .   j - +0 pair of gloves
MR       .....                  (no boots)
Stlth    ..........             (no amulet)
HPRegen  0.27/turn              h - ring of positive energy
MPRegen  0.12/turn              C - +5 ring of protection

@: heroism, very slightly contaminated, repel missiles
A: no striking features
a: Heroism, Renounce Religion


You were on level 2 of the Abyss.
You worshipped Okawaru.
Okawaru was most pleased with you.
You were not hungry.

You visited 2 branches of the dungeon, and saw 11 of its levels.
You visited the Abyss 1 time.

You collected 623 gold pieces.
You spent 135 gold pieces at shops.

Inventory:

Hand Weapons
 a - a +1 war axe (weapon)
Armour
 b - a +0 scale mail
 c - a +1 shield (worn)
 j - a +0 pair of gloves (worn)
 k - a scarf of repulsion (worn)
 o - a +1 chain mail of cold resistance (worn)
Jewellery
 h - a ring of positive energy (left hand)
 w - an uncursed ring of wizardry
 C - a +5 ring of protection (right hand)
 D - a +3 ring of dexterity
Wands
 q - a wand of iceblast (9)
 s - a wand of disintegration (16)
 v - a wand of clouds (6)
 y - a wand of polymorph (16)
 E - a wand of random effects (48)
Scrolls
 g - 2 scrolls of identify
 i - 3 scrolls of teleportation
 t - 3 scrolls of enchant armour
 x - 4 scrolls of remove curse
 z - 4 scrolls of immolation
 A - a scroll of enchant weapon
 B - a scroll of fog
Potions
 d - 2 potions of might
 e - a potion of haste
 m - 2 potions of lignification
 n - a potion of flight
 p - 4 potions of curing
 r - a potion of agility
Comestibles
 f - 12 rations


   Skills:
 + Level 11.1(16.1) Fighting
 + Level 14.4(19.4) Axes
 + Level 10.3(15.3) Armour
 + Level 10.2(15.2) Shields


You had 10 spell levels left.
You didn't know any spells.
Your spell library contained the following spells:

 Spells                   Type           Power        Failure   Level  Hunger
 Regeneration             Chrm/Necr      #.........   99%         3    ####...
 Shroud of Golubria       Chrm/Tloc      #.........   97%         2    ###....
 Infusion                 Chrm           #...         90%         1    ##.....
 Song of Slaying          Chrm           #.......     97%         2    ###....
 Spectral Weapon          Hex/Chrm       #.......     99%         3    ####...


Dungeon Overview and Level Annotations

Branches:
Dungeon (10/15)            Temple (1/1) D:6            Lair (0/6) D:9
    Orc (0/2) D:10

Altars:
Ashenzari
Cheibriados
Dithmenos
Elyvilon
Fedhas
Gozag
Hepliaklqana
Kikubaaqudgha
Makhleb
Nemelex Xobeh
Okawaru
Qazlal
Ru
Sif Muna
Trog
Uskayaw
Vehumet
Wu Jian
Xom
Yredelemnul
Zin
The Shining One

Shops:
D:4 }   D:5 ?

Annotations:
D:10 Sonja


Message History

The quicksilver dragon skeleton is lightly damaged.
The quicksilver dragon skeleton bites you but does no damage.
The quicksilver dragon skeleton claws you.
* * * LOW HITPOINT WARNING * * *
You hit the quicksilver dragon skeleton but do no damage.
The quicksilver dragon skeleton is lightly damaged.
The quicksilver dragon skeleton bites you!
* * * LOW HITPOINT WARNING * * *
The quicksilver dragon skeleton claws you but does no damage.
You hit the quicksilver dragon skeleton.
The quicksilver dragon skeleton is moderately damaged.
Your chain mail prevents you from hitting the quicksilver dragon skeleton.
The quicksilver dragon skeleton is moderately damaged.
The quicksilver dragon skeleton bites you!
* * * LOW HITPOINT WARNING * * *
The quicksilver dragon skeleton claws you but does no damage.
You hit the quicksilver dragon skeleton but do no damage.
The quicksilver dragon skeleton is moderately damaged.
The quicksilver dragon skeleton bites you.
You die...

### # #@#.#
##Z.# ####
.### ..# ####
# . .....# #.
. ... ###.#.
# # .###.
.##....#
#.....#.....#
. ##.. ..##
... ...#
.##..
...#.#...#.##


You could see a quicksilver dragon skeleton.

Vanquished Creatures
  2 two-headed ogres (D:8)
  2 trolls
  A hornet (D:10)
  The ghost of Lew the Sneak, an amateur DsAs (D:5)
  Grinder (D:3)
  Prince Ribbit (D:9)
  A blink frog (Abyss:2)
  A ynoxinul (Abyss:2)
  Sigmund (D:3)
  4 hogs (D:7)
  Eustachio (D:6)
  A wyvern (D:9)
  A human (D:7)
  2 hungry ghosts
  The ghost of DEFE the Bolt Thrower, an amateur DsWn (D:6)
  2 sky beasts
  2 ice beasts
  3 black bears
  5 orc warriors
  4 ogres
  2 centaurs
  2 phantoms
  3 big kobolds
  2 bullfrogs
  A gnoll sergeant (D:8)
  The ghost of feelmyfire the Vexing, an amateur FeEn (D:3)
  6 killer bees (D:10)
  4 scorpions
  2 electric eels (D:10)
  2 howler monkeys
  2 crimson imps
  A bullfrog zombie (D:7)
  8 orc priests
  2 quasits (D:5)
  4 hounds
  A jelly (D:9)
  4 centaur skeletons
  7 orc wizards
  3 bullfrog skeletons
  2 iguanas
  2 worker ants
  A killer bee zombie (D:9)
  A mummy (D:7)
  A worker ant zombie (D:4)
  A howler monkey zombie (D:8)
  11 gnolls
  13 adders
  5 shadow imps
  3 oozes
  2 adder skeletons
  3 adder zombies
  4 worms
  2 dart slugs (D:1)
  4 leopard geckos
  43 orcs
  6 giant cockroaches
  8 goblins
  2 hobgoblins
  5 jackals
  23 kobolds
  4 quokkas
  11 bats
  6 frilled lizards
  A giant cockroach zombie (D:5)
  A leopard gecko skeleton (D:6)
  7 rats
266 creatures vanquished.

Vanquished Creatures (others)
  An orc (D:10)
1 creature vanquished.

Grand Total: 267 creatures vanquished

Notes
Turn   | Place    | Note
-------+----------+-------------------------------------------
     0 | D:1      | vineage the Hill Orc Fighter began the quest for the Orb.
     0 | D:1      | Reached XP level 1. HP: 19/19 MP: 1/1
    47 | D:1      | Reached skill level 3 in Axes
    67 | D:1      | Reached XP level 2. HP: 26/27 MP: 2/2
   282 | D:1      | Reached XP level 3. HP: 30/33 MP: 3/3
   733 | D:2      | Reached skill level 4 in Axes
   768 | D:2      | Reached XP level 4. HP: 39/40 MP: 4/4
  1343 | D:3      | Reached XP level 5. HP: 47/47 MP: 5/5
  1358 | D:3      | Found a radiant altar of Vehumet.
  1360 | D:3      | Found a shadowy altar of Dithmenos.
  1360 | D:3      | Found a shimmering altar of Xom.
  1533 | D:3      | Noticed Grinder
  1556 | D:3      | Killed Grinder
  1556 | D:3      | Reached skill level 5 in Axes
  1556 | D:3      | Reached XP level 6. HP: 30/55 MP: 6/6
  1777 | D:3      | Found a runed door.
  1778 | D:3      | Noticed feelmyfire's ghost (amateur FeEn)
  1843 | D:3      | Killed feelmyfire's ghost
  1843 | D:3      | Reached skill level 5 in Fighting
  1843 | D:3      | Reached skill level 6 in Axes
  1977 | D:3      | Noticed Sigmund
  1991 | D:3      | Killed Sigmund
  1991 | D:3      | Reached XP level 7. HP: 31/61 MP: 7/7
  2355 | D:4      | Reached skill level 7 in Axes
  2355 | D:4      | Reached skill level 5 in Armour
  2355 | D:4      | Reached skill level 5 in Shields
  3036 | D:4      | Found Fekoil's Gadget Emporium.
  3078 | D:4      | Found a shattered altar of Ashenzari.
  3123 | D:4      | Found a hide-covered altar of Uskayaw.
  3341 | D:4      | Reached XP level 8. HP: 70/70 MP: 8/8
  3648 | D:4      | Reached skill level 12 in Axes
  3648 | D:4      | Reached XP level 9. HP: 83/83 MP: 9/9
  3663 | D:5      | Entered Level 5 of the Dungeon
  3693 | D:5      | Found Boral's Magic Scroll Boutique.
  3705 | D:5      | Bought a scroll of teleportation for 30 gold pieces
  3705 | D:5      | Bought a scroll of teleportation for 30 gold pieces
  3705 | D:5      | Bought a scroll of blinking for 75 gold pieces
  3752 | D:5      | Noticed Lew's ghost (amateur DsAs)
  3905 | D:5      | Found a transporter.
  3932 | D:5      | Found a transporter.
  4580 | D:5      | Killed Lew's ghost
  4799 | D:6      | Found a staircase to the Ecumenical Temple.
  4826 | Temple   | Entered the Ecumenical Temple
  4934 | D:6      | Found a shimmering altar of Xom.
  4940 | D:6      | Found an iron altar of Okawaru.
  4942 | D:6      | Noticed Eustachio
  4953 | D:6      | Became a worshipper of Warmaster Okawaru
  4970 | D:6      | Killed Eustachio
  4970 | D:6      | Reached skill level 13 in Axes
  5215 | D:6      | Found a runed door.
  5729 | D:6      | Noticed DEFE's ghost (amateur DsWn)
  5741 | D:6      | Killed DEFE's ghost
  5787 | D:7      | Reached * piety under Okawaru
  5812 | D:7      | Noticed a troll
  5820 | D:7      | Reached XP level 10. HP: 87/91 MP: 10/10
  6301 | D:7      | Found a snail-covered altar of Cheibriados.
  6342 | D:7      | Found a deep blue altar of Sif Muna.
  6480 | D:7      | Reached ** piety under Okawaru
  7004 | D:7      | Got a polished trident
  7005 | D:7      | Identified the +7 trident "Lutuxt" {venom, *Drain +Rage Int+4 Dex+4} (You found it on level 7 of the Dungeon)
  7022 | D:8      | Reached skill level 10 in Fighting
  7191 | D:8      | Found a basalt altar of Yredelemnul.
  7308 | D:8      | Found a burning altar of Makhleb.
  7451 | D:8      | Noticed a two-headed ogre
  7461 | D:8      | Killed a two-headed ogre
  7973 | D:8      | Noticed a two-headed ogre
  7985 | D:8      | Killed a two-headed ogre
  7985 | D:8      | Reached XP level 11. HP: 55/101 MP: 8/11
  8389 | D:9      | Found a staircase to the Lair.
  8583 | D:9      | Noticed Prince Ribbit
  8631 | D:9      | Killed Prince Ribbit
  8868 | D:10     | Entered Level 10 of the Dungeon
  9145 | D:10     | Reached skill level 14 in Axes
  9164 | D:10     | Found a staircase to the Orcish Mines.
  9384 | D:10     | Reached skill level 10 in Armour
  9562 | D:10     | Paralysed by a hornet for 1 turns
  9857 | D:10     | Reached skill level 10 in Shields
  9890 | D:10     | Reached *** piety under Okawaru
 10843 | D:10     | Noticed Sonja
 10849 | D:10     | Cast into level 2 of the Abyss (Sonja)
 11543 | Abyss:2  | Found a corrupted altar of Lugonu.
 11592 | Abyss:2  | Noticed a spatial maelstrom
 11594 | Abyss:2  | Found a corrupted altar of Lugonu.
 11725 | Abyss:2  | Found a corrupted altar of Lugonu.
 11834 | Abyss:2  | HP: 4/102 [quicksilver dragon skeleton (7)]
 11835 | Abyss:2  | Slain by a quicksilver dragon skeleton

Vault maps used:
D:1:      dpeg_arrival_ternary
D:2:      first_ration, minmay_misc_feat_hallway, hangedman_decor_growths,
          minmay_pentomino_q4
D:3:      grunt_temple_overflow_open, hellmonk_ghost_happy_afterlife,
          uniq_sigmund, uniq_grinder
D:4:      kennysheep_little_box, serial_shops, kennysheep_mini,
          kennysheep_diamond, cheibrodos_ashenzari_chains
D:5:      gammafunk_ghost_stat_death, serial_shops,
          nicolae_shop_temple_entry_statues_fountains
D:6:      lemuel_round_altar, temple_doors_ab, ebering_ghost_inner_flame,
          lemuel_tele_altar, uniq_eustachio
D:7:      nicolae_overflow_hidden_temple, slow_altar_1, grunt_livestock,
          grunt_ministairs_13
D:8:      old_standard_altar, bloody_makhleb
D:9:      lair_entry_dummy, roderic_lattice_a, uniq_prince_ribbit1
D:10:     erik_orc_2, david_defended_altar_elf, uniq_sonja
Temple:   nicolae_temple_great_sept
Abyss:2:  evilmike_abyss_exit_plants, hangedman_decor_points

Skill      XL: |  1  2  3  4  5  6  7  8  9 10 11 |
---------------+----------------------------------+-----
Axes           | 3 4 5 6 7 12 13 14 | 14.4
Fighting       | 4 5 9 10 11 | 11.1
Armour         | 4 5 8 9 10 | 10.3
Shields        | 4 5 8 9 10 | 10.2

Action                   |  1- 3 |  4- 6 |  7- 9 | 10-12 || total
-------------------------+-------+-------+-------+-------++-------
Melee: War axe           |   125 |   125 |   320 |   578 ||  1148
Invok: Heroism           |       |       |       |     6 ||     6
  Use: Scroll            |     2 |     5 |     8 |     6 ||    21
       Potion            |       |       |     3 |     2 ||     5
  Eat: Chunk             |       |     3 |     3 |     1 ||     7
       Ration            |       |       |     3 |    10 ||    13
Armor: Scale mail        |    70 |    46 |       |       ||   116
       Chain mail        |       |     5 |   117 |   220 ||   342
       Skin              |       |       |     2 |       ||     2
Dodge: Dodged            |    45 |    49 |    55 |   128 ||   277
       Deflected         |       |     3 |       |     3 ||     6
Block: Shield            |    78 |    67 |   154 |   345 ||   644

Table legend:
 A = Non-vault XP
 B = Vault XP
 C = Vault XP percentage of total XP
 D = Non-vault monster count
 E = Vault monster count
 F = Vault count percentage of total count
 G = Total turns spent on level
                 A         B        C        D         E       F
            +---------+---------+-------+---------+---------+-------
      Total |   10217 |    3250 |  24.1 |     225 |      41 |  15.4
            +---------+---------+-------+---------+---------+-------
        D:1 |      65 |       0 |   0.0 |      29 |       0 |   0.0
        D:2 |      76 |      21 |  21.6 |      19 |       4 |  17.4
        D:3 |      22 |     569 |  96.3 |      11 |       3 |  21.4
        D:4 |     521 |      16 |   3.0 |      20 |       3 |  13.0
        D:5 |     538 |     370 |  40.7 |      21 |       3 |  12.5
        D:6 |     472 |     382 |  44.7 |      18 |       3 |  14.3
        D:7 |    1196 |     977 |  45.0 |      26 |       6 |  18.8
        D:8 |    2868 |       0 |   0.0 |      26 |       0 |   0.0
        D:9 |     917 |     274 |  23.0 |      24 |       1 |   4.0
       D:10 |    3052 |     641 |  17.4 |      29 |      18 |  38.3
    Abyss:2 |     490 |       0 |   0.0 |       2 |       0 |   0.0
            +---------+---------+-------+---------+---------+-------
